 Dungeon Crawl Stone Soup version 0.17-a0-81-g781747f (webtiles) character file.

492 Ngotmuk the Skirmisher (level 7, 0/55 HPs)
             Began as a Human Fighter on Mar 15, 2015.
             Slain by Pikel
             ... wielding a +2 whip of freezing
              (4 damage)
             ... on level 3 of the Dungeon.
             The game lasted 00:11:39 (2680 turns).

Ngotmuk the Skirmisher (Human Fighter)              Turns: 2680, Time: 00:11:40

Health: 0/55       AC:  9    Str: 19    XL:     7   Next: 37%
Magic:  7/7        EV:  8    Int:  8    God:
Gold:   191        SH:  9    Dex: 12    Spells: 0 memorised, 6 levels left

rFire  . . .     SeeInvis .     a - +0 flail
rCold  . . .     Clarity  .     b - +0 scale mail
rNeg   . . .     SustAb   .     c - +0 shield
rPois  .         Gourm    .     q - +0 helmet
rElec  .         Spirit   .     (no cloak)
rCorr  +         Warding  .     r - +0 pair of gloves
rMut   .         Stasis   .     (no boots)
MR     .....                    u - amulet of resist corrosion
Stlth  ..........               (no ring)
                                (no ring)

@: not resistant to hostile enchantments, extremely unstealthy
A: no striking features
a: no special abilities


You were on level 3 of the Dungeon.
You were not hungry.

You visited 1 branch of the dungeon, and saw 4 of its levels.

You collected 191 gold pieces.

Inventory:

Hand weapons
 a - a +0 flail (weapon)
Armour
 b - a +0 scale mail (worn)
 c - a +0 shield (worn)
 q - a +0 helmet (worn)
 r - a +0 pair of gloves (worn)
Jewellery
 u - an amulet of resist corrosion (around neck)
Scrolls
 f - a scroll of remove curse {unknown}
 g - a scroll of noise {unknown}
 h - a scroll of magic mapping {unknown}
 k - a scroll of teleportation {unknown}
 n - 5 scrolls of identify {unknown}
 o - 2 scrolls of recharging {unknown}
Potions
 e - a potion of might
 i - 4 potions of curing {unknown}
 j - 4 potions of cure mutation {unknown}
 l - a potion of restore abilities {unknown}
 p - a potion of brilliance {unknown}
Comestibles
 d - 4 bread rations
 m - 4 fruits
 s - 2 meat rations
 t - a beef jerky


   Skills:
 + Level 4.5 Fighting
 + Level 3.5 Maces & Flails
 + Level 4.3 Armour
 + Level 3.0 Dodging
 + Level 4.3 Shields


You had 6 spell levels left.
You didn't know any spells.

Dungeon Overview and Level Annotations

Branches:
Dungeon (4/15)
 Temple: D:4-7

Altars:
Ashenzari
Dithmenos
Trog
The Shining One

Annotations:
D:3 Pikel


Message History

There is a stone staircase leading up here.
Pikel hits you with a whip of freezing.
* * * LOW HITPOINT WARNING * * *
Pikel freezes you.
* * * LOW HITPOINT WARNING * * *
You climb upwards.
There is a stone staircase leading down here.
Pikel says, "You'll fetch a fair price!"
Pikel hits you with a whip of freezing!
* * * LOW HITPOINT WARNING * * *
Pikel freezes you.
* * * LOW HITPOINT WARNING * * *
Pikel closely misses you.
Pikel says, "You'll fetch a fair price!"
An adder comes into view.
You miss the adder. Pikel closely misses you. You block the adder's attack.
You hit Pikel.
Pikel is severely wounded.
Pikel hits you with a whip of freezing.
You die...

..# #...# #.......#......# #.#
#...########.#..######## ..#
#.........##.#..# ######
..#######....####.##.#>.# #.....
....#...........#.#.....####.....
.................................
..#.#...........#.#.....####.....
..#.#####....####K##.#### #.....
.##.# #........S@.##.# ######
.##.# #.......######.# ....#
#.......# #.# ##### .####
###...########>######...# .#
#..........#........#.# .####
###.#.#####.##########.# ....#
#.....#####.# #.### .##.#
##.#......##.## #....
###.###......##.##..## #####


You could see Pikel and an adder.

Vanquished Creatures
  The ghost of Ngotmuk the Skirmisher, an average HuFi (D:3)
  The ghost of xeno23 the Magician, an average DrWz (D:4)
  2 orc wizards (D:3)
  7 adders
  A giant mite (D:2)
  A worm (D:2)
  6 giant geckos
  An ooze (D:4)
  5 orcs (D:3)
  A bat skeleton (D:4)
  2 giant cockroaches
  12 hobgoblins
  A quokka (D:3)
  A ball python (D:3)
  10 bats
  4 giant newts
  10 goblins
  7 kobolds
  9 rats
82 creatures vanquished.

Notes
Turn   | Place    | Note
--------------------------------------------------------------
     0 | D:1      | Ngotmuk, the Human Fighter, began the quest for the Orb.
     0 | D:1      | Reached XP level 1. HP: 18/18 MP: 1/1
   230 | D:1      | Reached XP level 2. HP: 24/24 MP: 2/2
   447 | D:1      | Reached XP level 3. HP: 29/29 MP: 3/3
  1069 | D:2      | Reached XP level 4. HP: 35/35 MP: 4/4
  1109 | D:2      | Reached skill level 1 in Dodging
  1359 | D:2      | Reached XP level 5. HP: 37/41 MP: 5/5
  1694 | D:3      | Noticed Ngotmuk's ghost (average HuFi)
  1708 | D:3      | Killed Ngotmuk's ghost
  1708 | D:3      | Reached skill level 4 in Fighting
  1708 | D:3      | Reached XP level 6. HP: 35/48 MP: 6/6
  1920 | D:3      | Reached XP level 7. HP: 43/55 MP: 7/7
  2077 | D:3      | Found a shattered altar of Ashenzari.
  2082 | D:3      | Found a glowing golden altar of the Shining One.
  2082 | D:3      | Found a bloodstained altar of Trog.
  2087 | D:3      | Found a shadowy altar of Dithmenos.
  2347 | D:4      | Noticed xeno23's ghost (average DrWz)
  2362 | D:4      | Killed xeno23's ghost
  2568 | D:4      | Noticed Pikel
  2662 | D:3      | HP: 2/55 [Pikel/whip of freezing (7)]
  2680 | D:3      | Slain by Pikel

Action                   |  1- 3 |  4- 6 |  7- 9 || total
-------------------------+-------+-------+-------++-------
Melee: Flail             |   102 |   100 |    84 ||   286
  Eat: Meat ration       |     1 |       |       ||     1
       Pizza             |       |       |     1 ||     1
